 Dungeon Crawl Stone Soup version 0.24-a0-218-ga595e75 (webtiles) character file.

Game seed: 5625218842163675670

28 Inarius the Skirmisher (level 3, 0/30 HPs)
             Began as a Demonspawn Abyssal Knight on Mar 30, 2019.
             Was a Believer of Lugonu.
             Slain by a worm (2 damage)
             ... on level 2 of the Dungeon.
             The game lasted 00:01:39 (1267 turns).

Inarius the Skirmisher (Demonspawn Abyssal Knight)  Turns: 1267, Time: 00:01:39

Health: 0/30       AC:  3    Str: 13    XL:     3   Next: 0%
Magic:  4/4        EV: 11    Int: 13    God:    Lugonu [**....]
Gold:   92         SH:  0    Dex: 12    Spells: 2/2 levels left

rFire    . . .     SeeInvis .   a - +1 hand axe
rCold    . . .     Gourm    .   (no shield)
rNeg     . . .     Faith    .   b - +0 leather armour
rPois    .         Spirit   .   (no helmet)
rElec    .         Reflect  .   (no cloak)
rCorr    +         Harm     .   (no gloves)
MR       .....                  (no boots)
Stlth    +.........             (no amulet)
HPRegen  0.10/turn              g - ring of resist corrosion
MPRegen  0.09/turn              (no ring)

@: lethally poisoned (0 -> -2)
A: powered by pain 1
a: Depart the Abyss, Bend Space, Renounce Religion


You were on level 2 of the Dungeon.
You worshipped Lugonu.
Lugonu was pleased with you.
You were not hungry.

You visited 1 branch of the dungeon, and saw 2 of its levels.
You visited the Abyss 1 time.

You collected 92 gold pieces.

Inventory:

Hand Weapons
 a - a +1 hand axe (weapon)
Armour
 b - a +0 leather armour (worn)
 k - a +0 plate armour
Jewellery
 g - a ring of resist corrosion (left hand)
Scrolls
 e - a scroll of remove curse {unknown}
 f - 2 scrolls of identify {unknown}
 h - 2 scrolls of teleportation {unknown}
 j - a scroll of enchant armour {unknown}
Potions
 d - a potion of haste {unknown}
Comestibles
 c - a ration


   Skills:
 + Level 3.6 Fighting
 * Level 2.2 Axes
 * Level 2.1 Armour
 + Level 0.8 Dodging
 * Level 2.4 Invocations


You had 2 spell levels left.
You didn't know any spells.
Your spell library was empty.

Dungeon Overview and Level Annotations

Branches:
Dungeon (2/15)

Altars:
Uskayaw


Innate Abilities, Weirdness & Mutations

You sometimes gain a little power by taking damage.


Message History

Unknown command.
You completely miss the adder.
The adder is lightly wounded.
You hit the worm.
You feel sick. The adder barely misses you. The worm completely misses you.
The adder closely misses you.
Unknown command.
Unknown command.
You hit the adder.
The adder is severely wounded.
You hit the worm. The adder bites you but does no damage. The worm bites you!
* * * LOW HITPOINT WARNING * * *
The adder bites you.
* * * LOW HITPOINT WARNING * * *
Unknown command.
You barely miss the adder.
The adder is severely wounded.
You hit the worm.
* * * LOW HITPOINT WARNING * * *
You feel sick. The adder misses you. The worm bites you.
You die...

# # ############# #
#...........##
########..8.......8..#
<......#.............#
.......+..8.......8..#
.......##....%)!.....#
.......#..8..._Sw.8..#
.............###@....#
..................##.#
..##..........##.##..#
..# .... .... #....##
..# ##+# ####.# ..#
#.# #.### ..#### #.#
#...# #....#
###.#######.#####
#....#
#...............#


You could see a worm and an adder.

Vanquished Creatures
  A dart slug (D:1)
  3 leopard geckos (D:1)
  3 hobgoblins (D:1)
  A kobold (D:1)
  2 ball pythons (D:1)
  3 bats
  3 frilled lizards (D:1)
  6 goblins
  2 rats (D:1)
  A bush (D:1)
  A plant (D:1)
26 creatures vanquished.

Notes
Turn   | Place    | Note
-------+----------+-------------------------------------------
     0 | Abyss:1  | Inarius the Demonspawn Abyssal Knight began the quest for
                  | the Orb.
     0 | Abyss:1  | Reached XP level 1. HP: 18/18 MP: 2/2
    20 | D:1      | Escaped the Abyss
   379 | D:1      | Gained mutation: You sometimes gain a little power by
                  | taking damage. [demonic ancestry]
   379 | D:1      | Reached XP level 2. HP: 24/24 MP: 3/3
   792 | D:1      | Reached ** piety under Lugonu
  1251 | D:2      | Found a hide-covered altar of Uskayaw.
  1262 | D:2      | Reached XP level 3. HP: 22/30 MP: 4/4
  1267 | D:2      | Slain by a worm

Levels and vault maps discovered:
D:1:      dpeg_arrival_simpleton_c, layout_rooms, serial_forest,
          infiniplex_forest_clump_diagonal, infiniplex_forest_straight_4,
          infiniplex_forest_straight_2, infiniplex_forest_lined_3_way,
          infiniplex_forest_corner_2, infiniplex_forest_split,
          infiniplex_forest_lined_ring
D:2:      kb_forest_paths, layout_basic, eat_drink_and_be_merry_uskayaw
Abyss:1

Skill      XL: |  1  2 |
---------------+-------+-----
Armour         | 2 |  2.1
Axes           | 2 |  2.2
Fighting       | |  3.6
Dodging        | |  0.8
Invocations    | |  2.4

Action                   || total
-------------------------++-------
Melee: Hand axe          ||   192
  Eat: Chunk             ||     2
Armor: Leather armour    ||    31
Dodge: Dodged            ||    46

Table legend:
 A = Non-vault XP
 B = Vault XP
 C = Vault XP percentage of total XP
 D = Non-vault monster count
 E = Vault monster count
 F = Vault count percentage of total count
                 A         B        C        D         E       F
            +---------+---------+-------+---------+---------+-------
      Total |      41 |       0 |   0.0 |      24 |       0 |   0.0
            +---------+---------+-------+---------+---------+-------
        D:1 |      37 |       0 |   0.0 |      21 |       0 |   0.0
        D:2 |       4 |       0 |   0.0 |       3 |       0 |   0.0
            +---------+---------+-------+---------+---------+-------
